 Dungeon Crawl Stone Soup version 0.30-a0-867-g305f33218d (webtiles) character file.

Game seed: 1883296677825453140

834 Dittersdorf the Covered (level 7, -2/45 HPs)
             Began as a Gargoyle Fighter on Mar 10, 2023.
             Slain by a killer bee (4 damage)
             ... on level 4 of the Dungeon.
             The game lasted 00:06:24 (4189 turns).

Dittersdorf the Covered (Gargoyle Fighter)          Turns: 4189, Time: 00:06:25

Health: -2/45      AC: 16    Str: 21    XL:     7   Next: 98%
Magic:  7/7        EV:  7    Int:  9    God:
Gold:   280        SH:  5    Dex: 15    Spells: 6/6 levels left

rFire   . . .      SeeInvis +    a - +0 flail
rCold   . . .      Faith    .    c - +0 buckler
rNeg    + . .      Spirit   .    l - +0 chain mail
rPois   ∞          Reflect  .    (no helmet)
rElec   +          Rampage  .    o - scarf {shadows}
rCorr   .                        (no gloves)
Will    .....                    j - +0 pair of boots Stlth
                                 (no amulet)
HPRegen 0.27/turn                f - ring of see invisible
MPRegen 0.10/turn                g - +6 ring of dexterity

@: no status effects
A: sickness immunity, AC +4, negative energy resistance 1, electricity
resistance, torment resistance 1, petrification resistance
a: no special abilities


You were on level 4 of the Dungeon.
You visited 2 branches of the dungeon, and saw 6 of its levels.
You visited the Abyss 1 time.

You collected 280 gold pieces.

Inventory:

Hand Weapons
 a - a +0 flail (weapon)
Armour
 c - a +0 buckler (worn)
 j - a +0 pair of boots (worn)
 l - a +0 chain mail (worn)
 o - a scarf of shadows (worn)
Magical Staves
 n - a staff of earth
Jewellery
 f - a ring of see invisible (left hand)
 g - a +6 ring of dexterity (right hand)
 q - a ring of flight
 t - a ring of protection from cold
Scrolls
 b - a scroll of fear {unknown}
 k - 3 scrolls of enchant armour
 s - a scroll of blinking
 v - a scroll of teleportation
Potions
 d - a potion of might
 h - 3 potions of curing
 i - 2 potions of haste
 p - 2 potions of heal wounds


   Skills:
 + Level 5.7 Fighting
 + Level 4.6 Maces & Flails
 + Level 5.7 Armour
 + Level 5.7 Shields


You had 6 spell levels left.
You didn't know any spells.
Your spell library contained the following spells:

 Spells                   Type           Power      Damage    Failure   Level
 Slow                     Hex            0%         N/A       99%         1
 Ensorcelled Hibernation  Hex/Ice        0%         N/A       100%        2
 Confusing Touch          Hex            0%         N/A       100%        3
 Portal Projectile        Hex/Tloc       0%         N/A       100%        3
 Spider Form              Tmut/Pois      0%         N/A       100%        3
 Tukima's Dance           Hex            0%         N/A       100%        3
 Vampiric Draining        Necr           0%         2d6       100%        3
 Anguish                  Hex/Necr       0%         N/A       100%        4
 Blade Hands              Tmut           0%         N/A       100%        5


Dungeon Overview and Level Annotations

Branches:
Dungeon (5/15)             Temple (1/1) D:4

Altars:
Ashenzari
Cheibriados
Dithmenos
Elyvilon
Fedhas
Gozag
Hepliaklqana
Kikubaaqudgha
Makhleb
Nemelex Xobeh
Qazlal
Ru
Sif Muna
Trog
Uskayaw
Vehumet
Xom
Yredelemnul
Zin

Shops:
D:4 **


Innate Abilities, Weirdness & Mutations

You are immune to sickness and miasma.
Your stone body is resilient. (AC +4)
You are immune to poison.
You resist negative energy. (rN+)
You are resistant to electric shocks. (rElec)
You are resistant to unholy torment.
You are immune to petrification.


Message History

You block the killer bee's attack.
You climb upwards.
There is a stone staircase leading down here.
The hound attacks as you move away! The hound bites you but does no damage.
The hound barely misses you.
Things that are here:
a +0 hand axe; a +0 falchion; an orc skeleton The killer bee closely misses you.
The killer bee stings you but does no damage. x2
The killer bee barely misses you. The hound attacks as you move away!
You block the hound's attack. The hound bites you but does no damage.
The hound attacks as you move away! The hound closely misses you.
The hound barely misses you.
The killer bee stings you but does no damage. x2
The hound attacks as you move away! The hound closely misses you.
The killer bee attacks as you move away!
The killer bee stings you but does no damage. x4
The killer bee attacks as you move away!
The killer bee stings you.
* * * LOW HITPOINT WARNING * * *
You block the killer bee's attack. x2
The killer bee attacks as you move away!
The killer bee stings you but does no damage. x2
The killer bee stings you but does no damage.
The killer bee attacks as you move away!
The killer bee barely misses you. You block the killer bee's attack.
The killer bee closely misses you.
The killer bee attacks as you move away!
The killer bee stings you but does no damage. x2
The killer bee stings you.
* * * LOW HITPOINT WARNING * * *
You block the killer bee's attack.
The killer bee attacks as you move away!
The killer bee barely misses you. x2
You miss the killer bee.
The killer bee is severely wounded.
The killer bee stings you but does no damage.
The killer bee stings you.
You die...

..........#######...........#....
..........# ##........###..##
######...## ##.....####)[## ##..#
#.......#.)># #..# ##..##.....)##
#..# #h.#####...## ###..# ##y.#
##### #####....# ##y###
.......<.#######@##
...............###
.(.............# .........###...#
.........####### ..........####
.............## ..........)...#
........###...#


You could see a hound and 2 killer bees.

Vanquished Creatures
  Grinder (D:4)
  2 black bears (D:5)
  A sky beast (D:4)
  A sleepcap (D:4)
  2 hounds
  2 iguanas (D:4)
  4 adders
  10 gnolls
  An ufetubus (D:5)
  2 dart slugs
  12 orcs
  10 endoplasms
  6 goblins
  6 hobgoblins
  3 quokkas
  2 ball pythons
  6 bats
  3 frilled lizards
  4 kobolds
  A rat (D:1)
79 creatures vanquished.

Vanquished Creatures (others)
  A fungus (D:3)
  A plant (D:3)
2 creatures vanquished.

Grand Total: 81 creatures vanquished

Notes
Turn   | Place    | Note
-------+----------+-------------------------------------------
     0 | D:1      | Dittersdorf the Gargoyle Fighter began the quest for the
                  | Orb.
     0 | D:1      | Reached XP level 1. HP: 14/14 MP: 1/1
   249 | D:1      | Reached XP level 2. HP: 14/19 MP: 2/2
   908 | D:2      | Reached XP level 3. HP: 21/24 MP: 3/3
  1086 | D:2      | Identified the +6 short sword of Fragile Peace {heavy,
                  | Str+4}
  1872 | D:3      | Reached XP level 4. HP: 29/29 MP: 4/4
  2041 | D:3      | Found a faded altar of an unknown god.
  2305 | D:4      | Reached XP level 5. HP: 33/33 MP: 5/5
  2667 | D:4      | Reached XP level 6. HP: 38/39 MP: 6/6
  2751 | D:4      | Found Tupun's Specific Store.
  2755 | D:4      | Found Ozomm's General Store.
  2798 | D:4      | Noticed a sky beast
  2816 | D:4      | Killed a sky beast
  3064 | Abyss:1  | Cast into level 1 of the Abyss (orc)
  3075 | D:4      | Escaped the Abyss
  3213 | D:4      | Noticed Grinder
  3233 | D:4      | Paralysed by Grinder for 4 turns
  3243 | D:4      | Killed Grinder
  3244 | D:4      | Reached skill level 5 in Fighting
  3244 | D:4      | Reached skill level 5 in Armour
  3244 | D:4      | Reached skill level 5 in Shields
  3244 | D:4      | Reached XP level 7. HP: 26/44 MP: 7/7
  3536 | D:4      | Found a staircase to the Ecumenical Temple.
  3818 | Temple   | Entered the Ecumenical Temple
  3820 | Temple   | Found a transporter.
  3820 | Temple   | Found a transporter.
  3822 | Temple   | Found a transporter.
  3822 | Temple   | Found a transporter.
  3885 | D:5      | Entered Level 5 of the Dungeon
  4182 | D:4      | HP: 1/45 [killer bee (6)]
  4189 | D:4      | Slain by a killer bee

Illustrated notes

Levels and vault maps discovered:
D:1:      dpeg_arrival_refuge, layout_basic
D:2:      layout_basic, serial_rivers, chequers_serial_rivers_room_a,
          chequers_serial_rivers_room_b, chequers_serial_rivers_micro_e,
          chequers_serial_rivers_micro_d, chequers_serial_rivers_marsh,
          st_stairs_4
D:3:      layout_basic, shapermc_ecumenical_altar_ellora
D:4:      layout_layer_cave, minmay_temple_entry_metal_lava,
          nicolae_specific_store, st_stairs_8, minmay_hedge_maze, dk_vineyard_3,
          uniq_grinder
D:5:      layout_rooms
Temple:   hellmonk_temple_divided_pantheon

Skill      XL: |  1  2  3  4  5  6 |
---------------+-------------------+-----
Fighting       | 4 5 |  5.7
Shields        | 4 5 |  5.7
Armour         | 4 5 |  5.7
Maces & Flails | 3 4 |  4.6

Action                     |  1- 3 |  4- 6 |  7- 9 || total
---------------------------+-------+-------+-------++-------
  Melee: Flail             |    93 |   182 |    59 ||   334
    Use: Scroll            |       |       |     9 ||     9
 Armour: Scale mail        |    14 |       |       ||    14
         Chain mail        |    39 |   105 |   126 ||   270
  Dodge: Dodged            |    31 |    63 |    65 ||   159
  Block: Buckler           |    16 |    46 |    44 ||   106

Table legend: (Time is in decaauts)
 A = Elapsed time spent in this place.
 B = Non-inter-level travel time spent in this place.
 C = Inter-level travel time spent in this place.
 D = Time resting spent in this place.
 E = Time spent auto-exploring this place.
 F = Levels seen in this place.
 G = Mean time per level.
                   A        B        C        D        E       F      G
               +--------+--------+--------+--------+--------+-----+--------+
         Total |   4295 |   4151 |    144 |    183 |   3108 |   7 |  613.6 |
       Dungeon |   4241 |   4097 |    144 |    183 |   3108 |   5 |  848.2 |
        Temple |     42 |     42 |      0 |      0 |      0 |   1 |   42.0 |
         Abyss |     11 |     11 |      0 |      0 |      0 |   1 |   11.0 |
               +--------+--------+--------+--------+--------+-----+--------+

Top non-repeatable levels by time:
     D:4: 1800 daAuts
     D:2: 891 daAuts
     D:1: 769 daAuts
     D:3: 652 daAuts
     D:5: 127 daAuts
  Temple: 42 daAuts
 Abyss:1: 11 daAuts
